AoeStats
← ĐẠI ĐÔ ĐỐC MẠNH ĐẠT

Arabian Desert

516961818Analyzed
1v1 RM · 3d ago on Oct 28, 2026· 26m 55s· 2 players
Game mode
Random Map
Map size
Tiny (2 player)
Population
200
Speed
Normal
Resources
Standard
Victory
Conquest
Starting age
Dark Age
Ending age
Imperial Age
RankedLock teamsTeams togetherTeam positionsShared explorationLock speedFull tech treeHidden civsTurbo modeCheats
Victory
Defeat
🇭🇰 Byzantines · Hong Kong SAR China
1711
+19
vs
1777
-19
Jackylove
5:49 Loom
9:16 Feudal Age
9:46 Double-Bit Axe
10:31 Horse Collar
14:15 Fletching
16:11 Padded Archer Armor
22:01 Wheelbarrow
25:38 Castle Age
24:57 Forging
25:32 Scale Barding Armor
25:22 Gold Mining
26:18 Bodkin Arrow
25:45 Elite Skirmisher
ĐẠI ĐÔ ĐỐC MẠNH ĐẠT
6:32 Loom
8:57 Feudal Age
9:28 Double-Bit Axe
11:10 Fletching
15:02 Padded Archer Armor
22:21 Castle Age
23:04 Bodkin Arrow
26:30 Bow Saw
Connection lost

Rejoining the realm…

Still unreachable

The connection could not be restored.

Session expired

The server has moved on; the page needs a fresh start.